 Dungeon Crawl Stone Soup version 0.25.0-11-g1f837a76a1 (webtiles) character file.

Game seed: 12612834286168409075

2389 Flugkiller the Cleaver (level 9, 45/86 HPs)
             Began as a Deep Dwarf Fighter on June 27, 2020.
             Quit the game in a bailey.
             The game lasted 00:02:46 (3177 turns).

Flugkiller the Cleaver (Deep Dwarf Fighter)         Turns: 3177, Time: 00:02:47

Health: 45/86      AC: 10    Str: 23    XL:     9   Next: 22%
Magic:  2/2        EV:  6    Int:  9    God:
Gold:   420        SH: 12    Dex: 12    Spells: 8/8 levels left

rFire    . . .     SeeInvis .   r - +1 broad axe
rCold    . . .     Gourm    .   c - +1 kite shield
rNeg     + . .     Faith    .   h - +0 chain mail
rPois    .         Spirit   .   (no helmet)
rElec    .         Reflect  .   (no cloak)
rCorr    .         Harm     .   (no gloves)
MR       +....                  (no boots)
Stlth    ..........             b - amulet of the acrobat
HPRegen  0.00/turn              t - ring of positive energy
MPRegen  0.08/turn              y - ring of stealth

@: non-regenerating
A: damage resistance, heal wounds, sense surroundings 2, no regeneration
a: Heal Wounds


You were in a bailey.
You were hungry.

You visited 2 branches of the dungeon, and saw 8 of its levels.
You also visited: Bailey.

You collected 420 gold pieces.

Inventory:

Hand Weapons
 r - a +1 broad axe (weapon)
   (You found it on level 5 of the Dungeon)
Armour
 c - a +1 kite shield (worn)
 h - a +0 chain mail (worn)
   (You took it off an orc knight in a bailey)
Jewellery
 b - an amulet of the acrobat (around neck)
   (You found it in a bailey)
 t - a ring of positive energy (left hand)
   (You found it on level 6 of the Dungeon)
 y - a ring of stealth (right hand)
   (You found it on level 7 of the Dungeon)
Wands
 a - a wand of iceblast (20)
   (You found it on level 5 of the Dungeon)
 v - a wand of acid (4)
   (You found it on level 6 of the Dungeon)
Scrolls
 f - a scroll of magic mapping
 g - a scroll of fog {unknown}
 x - 3 scrolls of remove curse
Potions
 d - a potion of might
 i - a potion of stabbing {unknown}
 m - 2 potions of invisibility {unknown}
 n - a potion of resistance {unknown}
 o - a potion of haste {unknown}
 p - a potion of lignification {unknown}
 q - 2 potions of curing
 s - a potion of magic {unknown}
 u - a potion of brilliance {unknown}
 w - a potion of mutation {unknown}
Miscellaneous
 j - a phantom mirror
Comestibles
 e - 4 rations


   Skills:
 * Level 7.1 Fighting
 * Level 8.1 Axes
 + Level 6.4 Armour
 + Level 6.4 Shields


You had 8 spell levels left.
You didn't know any spells.
Your spell library was empty.

Dungeon Overview and Level Annotations

Branches:
Dungeon (7/15)             Temple (1/1) D:4          Bailey (1/1)

Altars:
Ashenzari
Cheibriados
Dithmenos
Fedhas
Gozag
Hepliaklqana
Kikubaaqudgha
Nemelex Xobeh
Qazlal
Ru
Sif Muna
Trog
Uskayaw
Vehumet
Wu Jian
Xom
Yredelemnul

Shops:
D:4 %

Annotations:
D:4 3 runed translucent doors, IHuginn's ghost, novice OpBe


Innate Abilities, Weirdness & Mutations

You are resistant to damage.
You can heal yourself by infusing magical energy.
You passively map the area around you.
You do not regenerate.


Message History

The weapon returns to the kobold!
The kobold throws a boomerang.
You block the boomerang.
The weapon returns to the kobold!
The kobold throws a boomerang.
The boomerang hits you but does no damage.
The weapon returns to the kobold!
The kobold throws a boomerang.
You block the boomerang.
The weapon returns to the kobold!
There is an open door here.
Unknown command.
The kobold throws a boomerang.
The boomerang hits you but does no damage.
The weapon returns to the kobold!
The kobold throws a boomerang.
You block the boomerang.
The weapon returns to the kobold!
There is a gate leading back out of this place here.
The kobold throws a boomerang.
You block the boomerang.
The weapon returns to the kobold!
The kobold throws a boomerang.
You block the boomerang.
The weapon returns to the kobold!
The kobold throws a boomerang.
The boomerang hits you.
The weapon returns to the kobold!
There is an empty arch of ancient stone here.
Are you sure you want to abandon this character and quit the game? (Confirm with "yes".)

### ##8##
##.@.##
#8...8#
##.∩.##
######'######
#∩..K≈.≈...∩#
#'###≈.≈###'#
#....≈.≈K..^#
#'###≈.≈###'#
#...K≈.≈KK..#


There were no monsters in sight!

Vanquished Creatures
  An orc knight (Bailey)
  Joseph (D:7)
  Menkaure (D:4)
  Duvessa (D:4)
  An ice beast (D:7)
  3 orc warriors (Bailey)
  A sky beast (D:6)
  A phantom (D:6)
  2 centaurs
  2 bullfrogs
  A water moccasin zombie (D:7)
  Dowan (D:4)
  3 scorpions
  A crimson imp (D:7)
  2 hounds
  3 orc priests
  An orc wizard (D:4)
  An iguana (D:6)
  2 worker ants
  A hound skeleton (D:4)
  A worker ant zombie (D:5)
  2 gnolls (Bailey)
  5 adders
  A shadow imp (D:5)
  2 oozes (D:4)
  A worm (D:3)
  2 leopard geckos
  8 orcs
  2 giant cockroaches
  8 goblins
  8 hobgoblins
  4 jackals (D:4)
  3 kobolds
  2 bats
  A frilled lizard (D:2)
  A quokka skeleton (D:4)
  A rat (D:2)
82 creatures vanquished.

Notes
Turn   | Place    | Note
-------+----------+-------------------------------------------
     0 | D:1      | Flugkiller the Deep Dwarf Fighter began the quest for the
                  | Orb.
     0 | D:1      | Reached XP level 1. HP: 20/20 MP: 1/1
   222 | D:2      | Reached XP level 2. HP: 24/27 MP: 2/2
   251 | D:2      | Found a sacrificial altar of Ru.
   592 | D:4      | Found a shadowy altar of Dithmenos.
   598 | D:4      | Reached skill level 3 in Axes
   598 | D:4      | Reached XP level 3. HP: 26/34 MP: 2/2
   622 | D:4      | Noticed Menkaure
   639 | D:4      | Noticed Duvessa
   643 | D:4      | Noticed Dowan
   651 | D:4      | Killed Menkaure
   651 | D:4      | Reached skill level 4 in Axes
   651 | D:4      | Reached XP level 4. HP: 40/44 MP: 3/3
   651 | D:4      | Reached XP level 5. HP: 46/50 MP: 4/4
   652 | D:4      | Killed Duvessa
   676 | D:4      | Killed Dowan
   714 | D:4      | Found a staircase to the Ecumenical Temple.
   726 | D:4      | Reached XP level 6. HP: 27/57 MP: 4/4
   730 | Temple   | Entered the Ecumenical Temple
  1007 | D:4      | Found a hide-covered altar of Uskayaw.
  1105 | D:4      | Found Zil Fee's Food Shoppe.
  1107 | D:4      | Found a runed translucent gate.
  1112 | D:4      | Found a runed translucent gate.
  1114 | D:4      | Found a runed translucent gate.
  1206 | D:4      | Noticed IHuginn's ghost (novice OpBe)
  1206 | D:4      | Noticed an ice beast
  1238 | D:4      | Found a hazy altar of Hepliaklqana.
  1332 | D:5      | Entered Level 5 of the Dungeon
  1513 | D:5      | Found a blossoming altar of Fedhas.
  1519 | D:5      | Reached skill level 5 in Axes
  1556 | D:5      | Reached XP level 7. HP: 36/66 MP: 5/5
  1808 | D:5      | Found a shimmering blue altar of Sif Muna.
  2191 | D:6      | Reached skill level 5 in Fighting
  2248 | D:6      | Reached skill level 5 in Armour
  2321 | D:6      | Reached skill level 5 in Shields
  2363 | D:6      | Reached skill level 6 in Axes
  2777 | D:6      | Reached XP level 8. HP: 41/75 MP: 5/5
  2794 | D:7      | Noticed Joseph
  2808 | D:7      | Killed Joseph
  2860 | D:7      | Reached skill level 7 in Axes
  2962 | D:7      | Found a flagged portal.
  2998 | Bailey   | Entered a bailey
  3018 | Bailey   | Noticed an orc knight
  3067 | Bailey   | Killed an orc knight
  3067 | Bailey   | Gained mutation: You passively map the area around you.
                  | [Deep Dwarf growth]
  3067 | Bailey   | Reached XP level 9. HP: 39/85 MP: 4/4
  3098 | Bailey   | Reached skill level 8 in Axes
  3177 | Bailey   | Quit the game

Illustrated notes

Levels and vault maps discovered:
D:1:      dpeg_arrival_solitude, layout_basic, minmay_hexomino_r4
D:2:      layout_basic, kennysheep_okawaru_gauntlet, lemuel_doored_altar,
          first_ration, uniq_terence
D:3:      layout_loops_ring, gammafunk_ghost_abyssal_escape, uniq_sigmund
D:4:      layout_rooms, eat_drink_and_be_merry_uskayaw,
          lemuel_coloured_pillars_altar, minmay_temple_entry_trees,
          serial_shops, shop, gammafunk_ghost_icy, grunt_dithmenos_smoke,
          uniq_menkaure, uniq_duvessa
D:5:      layout_gridville, marbit_many_paths, lemuel_crystal_altar
D:6:      layout_loops_ring
D:7:      layout_basic, enter_bailey_3, doesnt_xom_only_xom, uniq_joseph
Temple:   minmay_temple_bridge_abc
Bailey:   bailey_axe_1, bailey

Skill      XL: |  1  2  3  4  5  6  7  8  9 |
---------------+----------------------------+-----
Fighting       | 3 4 5 6 7 |  7.1
Axes           | 3 4 5 6 7 8 |  8.1
Armour         | 4 5 6 |  6.4
Shields        | 4 5 6 |  6.4

Action                   |  1- 3 |  4- 6 |  7- 9 || total
-------------------------+-------+-------+-------++-------
Melee: War axe           |    63 |   107 |     5 ||   175
       Broad axe         |       |       |   208 ||   208
 Abil: Heal Wounds       |     8 |     4 |    22 ||    34
Evoke: Wand              |       |       |     5 ||     5
  Use: Scroll            |       |       |     7 ||     7
       Potion            |       |       |     1 ||     1
  Eat: Chunk             |       |     2 |     2 ||     4
       Ration            |       |       |     1 ||     1
Armor: Scale mail        |    29 |    49 |   109 ||   187
       Chain mail        |       |       |    24 ||    24
Dodge: Dodged            |    21 |    25 |   137 ||   183
Block: Kite shield       |    36 |    61 |   223 ||   320
